AoeStats
← DarthOcelot

Arabia

510334788Analyzed
1v1 RM · 17h ago on Sep 30, 2026· 28m 0s· 2 players
Game mode
Random Map
Map size
Tiny (2 player)
Population
200
Speed
Normal
Resources
Standard
Victory
Conquest
Starting age
Dark Age
Ending age
Imperial Age
RankedLock teamsTeams togetherTeam positionsShared explorationLock speedFull tech treeHidden civsTurbo modeCheats
Victory
Defeat
🇷🇴 Berbers · Romania
1546
+19
🇬🇧 Huns · United Kingdom
1610
-19
Hoppsywins
6:19 Loom
8:42 Feudal Age
9:26 Double-Bit Axe
15:32 Wheelbarrow
15:38 Scale Barding Armor
20:37 Castle Age
18:33 Horse Collar
19:10 Fletching
19:53 Bloodlines
20:22 Gold Mining
20:41 Light Cavalry
21:32 Bow Saw
21:37 Husbandry
23:10 Ballistics
26:58 Masonry
27:09 Hand Cart
26:40 Town Watch
27:52 Thumb Ring
DarthOcelot
5:04 Loom
8:04 Feudal Age
8:33 Double-Bit Axe
9:01 Double-Bit Axe
11:58 Horse Collar
21:14 Castle Age
19:50 Scale Barding Armor
20:29 Forging
21:23 Bloodlines
21:12 Gold Mining
22:47 Husbandry
25:17 Heavy Plow
Connection lost

Rejoining the realm…

Still unreachable

The connection could not be restored.

Session expired

The server has moved on; the page needs a fresh start.